[Event "Titled Tuesday Blitz April 26 Early 2022"]
[White "Ciorgovean, Iustin"]
[Black "Bongo Akanga Ndjila, Barthelemy"]
[WhiteFideId "1242911"]
[BlackFideId "10609431"]
[WhiteElo "2075"]
[BlackElo "1768"]
[Result "1-0"]
[Round "01"]
[TimeControl "180+1"]
[Date "2022.04.26"]
[WhiteClock "0:01:08"]
[BlackClock "0:01:13"]

1. d4 Nf6 2. c4 b6 3. Nc3 Bb7 4. Qc2 e6 5. e4 Bb4 6. Bd3 d5 7. cxd5 exd5 8. e5 Ne4 9. Ne2 Qh4 10. O-O Bxc3 11. bxc3 O-O 12. f3 Ng5 13. Ng3 g6 14. f4 Ne6 15. Rb1 c5 16. Be3 Nd7 17. Qf2 cxd4 18. cxd4 Rac8 19. f5 Ng5 20. f6 Ne4 21. Nxe4 dxe4 22. Qxh4 exd3 23. Qh6 Rfe8 24. Qg7# 1-0


[Site "https://www.chess.com"]

[Event "Titled Tuesday Blitz April 26 Early 2022"]
[White "Cramling Bellon, Anna"]
[Black "Skliarov, Viktor"]
[WhiteFideId "32009232"]
[BlackFideId "14106736"]
[WhiteElo "1905"]
[BlackElo "2229"]
[Result "1/2-1/2"]
[Round "01"]
[TimeControl "180+1"]
[Date "2022.04.26"]
[WhiteClock "0:00:04"]
[BlackClock "0:00:08"]

1. d4 Nf6 2. c4 e6 3. Nc3 Bb4 4. Qc2 c5 5. dxc5 Na6 6. a3 Bxc3+ 7. Qxc3 Nxc5 8. f3 d5 9. cxd5 b6 10. Bg5 exd5 11. Bxf6 Qxf6 12. Qxf6 gxf6 13. Rd1 Bb7 14. e3 O-O-O 15. Bb5 a6 16. Be2 Na4 17. b3 Nc5 18. b4 Ne6 19. Nh3 Kb8 20. Kf2 d4 21. Bc4 dxe3+ 22. Kxe3 b5 23. Bxe6 fxe6 24. Nf4 e5 25. Ne6 Rxd1 26. Rxd1 f5 27. Nc5 f4+ 28. Kf2 Bc8 29. Rd5 Re8 30. Ne4 Bb7 31. Rd7 Bxe4 32. fxe4 Rc8 33. Rxh7 Rc3 34. Rh3 Rc4 35. Kf3 Kc7 36. g4 Rc3+ 37. Kg2 Rc2+ 38. Kf1 Rc1+ 39. Ke2 Rc2+ 40. Kd3 Ra2 41. Rh7+ Kb6 42. Rh6+ Kb7 43. Rh7+ Kb6 44. Rh6+ Kb7 45. Rh7+ Kb6 1/2-1/2


[Site "https://www.chess.com"]

[Event "Titled Tuesday Blitz April 26 Early 2022"]
[White "Csonka, Balazs"]
[Black "Manukian, Artak"]
[WhiteFideId "742910"]
[BlackFideId "13301373"]
[WhiteElo "2404"]
[BlackElo "2325"]
[Result "1-0"]
[Round "01"]
[TimeControl "180+1"]
[Date "2022.04.26"]
[WhiteClock "0:00:46"]
[BlackClock "0:01:32"]

1. d4 d5 2. c4 dxc4 3. Nf3 Nf6 4. Nc3 c6 5. a4 Bf5 6. e3 Bd3 7. Bxd3 cxd3 8. Qxd3 e6 9. O-O a5 10. e4 Na6 11. Rd1 Nb4 12. Qe2 Be7 13. h4 O-O 14. e5 Nfd5 15. h5 h6 16. Ne4 Qd7 17. Ra3 b5 18. Nh2 bxa4 19. Rg3 Kh8 20. Ng4 Rg8 21. Qf3 Bf8 22. Bxh6 gxh6 23. Ngf6 Rxg3 24. Qxg3 Nxf6 25. Nxf6 1-0


[Site "https://www.chess.com"]

[Event "Titled Tuesday Blitz April 26 Early 2022"]
[White "D`Arruda, Ricardo D."]
[Black "Seo, Jung Min"]
[WhiteFideId "100692"]
[BlackFideId "1734687"]
[WhiteElo "2422"]
[BlackElo "2401"]
[Result "0-1"]
[Round "01"]
[TimeControl "180+1"]
[Date "2022.04.26"]
[WhiteClock "0:00:09"]
[BlackClock "0:01:24"]

1. d4 Nf6 2. Nf3 e6 3. c3 b6 4. Bf4 Bb7 5. Nbd2 Be7 6. e3 O-O 7. Bd3 Nh5 8. Bg3 d6 9. Qc2 h6 10. O-O-O Nd7 11. Kb1 c5 12. Be4 Bxe4 13. Nxe4 d5 14. Ned2 b5 15. e4 dxe4 16. Nxe4 Qb6 17. d5 exd5 18. Rxd5 Nxg3 19. hxg3 Nf6 20. Nxf6+ Bxf6 21. g4 Rfd8 22. Rxd8+ Qxd8 23. Rd1 Qe7 24. Re1 Qd6 25. Qe4 Rb8 26. Qe2 Qf4 27. Qe4 Qd6 28. Qe2 b4 29. c4 a5 30. Rd1 Qf4 31. Ne1 Qc7 32. Nd3 a4 33. f4 a3 34. b3 Rd8 35. g3 Qd6 36. Nf2 Bd4 37. Ne4 Qe7 38. Re1 Qd7 39. f5 f6 40. Rd1 Re8 41. Qd3 Qc6 42. Re1 Re7 43. Kc2 Rd7 44. Rd1 Qc7 45. Qf3 Qe5 46. Qf4 Qe7 47. Re1 Be5 48. Qe3 Qd8 49. Qe2 Qc7 50. Rd1 Bd4 51. Rd3 Re7 52. Qf3 Qe5 53. Nd2 Qe1 54. Qd5+ Kh7 55. Qd8 Re2 56. Qf8 Bc3 57. Qd6 Qa1 58. Qd5 Qxa2+ 59. Kd1 Rxd2+ 60. Rxd2 Qxd2+ 61. Qxd2 Bxd2 62. Kxd2 a2 0-1


[Site "https://www.chess.com"]

[Event "Titled Tuesday Blitz April 26 Early 2022"]
[White "Daneshvar, Bardiya"]
[Black "Guseva, Marina"]
[WhiteFideId "12576468"]
[BlackFideId "4149351"]
[WhiteElo "2330"]
[BlackElo "2071"]
[Result "1-0"]
[Round "01"]
[TimeControl "180+1"]
[Date "2022.04.26"]
[WhiteClock "0:01:02"]
[BlackClock "0:00:08"]

1. b3 e5 2. Bb2 f6 3. e4 c6 4. d4 d6 5. Nf3 Be6 6. c4 Nh6 7. Nc3 Nd7 8. Be2 Be7 9. O-O O-O 10. d5 Bf7 11. Ne1 f5 12. f3 fxe4 13. fxe4 Bg6 14. Nd3 Rxf1+ 15. Qxf1 Qb6+ 16. Kh1 Rf8 17. Bf3 Ng4 18. Qe2 Ngf6 19. Ba3 cxd5 20. cxd5 Qa6 21. Bb4 Bd8 22. a4 Ba5 23. Nb5 Ne8 24. Ba3 Bd8 25. Rc1 Qb6 26. Nb2 Be7 27. Nc4 Qd8 28. Nxa7 Bg5 29. Rf1 Be7 30. Nb5 Nb6 31. Ne3 Nf6 32. a5 Nc8 33. Nc4 Be8 34. Nc3 Na7 35. Nb6 Nc8 36. Qe3 Nxb6 37. axb6 Bd7 38. Be2 Qa8 39. Bb4 Rc8 40. Nb5 Bxb5 41. Bxb5 Qa2 42. h3 Qc2 43. Bc4 Qxe4 44. Qf2 Qg6 45. Qa2 Ne4 46. Be1 Ng3+ 47. Bxg3 Qxg3 48. Qa7 Rf8 49. Qxb7 Rxf1+ 50. Bxf1 Qf2 51. Bb5 Qe1+ 52. Kh2 Bg5 53. Qc8+ Kf7 54. Qe6+ Kf8 55. Qe8# 1-0


[Site "https://www.chess.com"]

[Event "Titled Tuesday Blitz April 26 Early 2022"]
[White "Darini, Pouria"]
[Black "Lopez, Henry"]
[WhiteFideId "12502200"]
[BlackFideId "5203830"]
[WhiteElo "2489"]
[BlackElo "2177"]
[Result "1-0"]
[Round "01"]
[TimeControl "180+1"]
[Date "2022.04.26"]
[WhiteClock "0:00:56"]
[BlackClock "0:01:16"]

1. Nf3 c5 2. e4 d6 3. d4 cxd4 4. Nxd4 Nf6 5. Nc3 a6 6. h3 e5 7. Nde2 h5 8. Bg5 Be6 9. Bxf6 Qxf6 10. Nd5 Qd8 11. Qd3 Nd7 12. Nec3 Rc8 13. O-O-O b5 14. a3 Nb6 15. Kb1 Nc4 16. f4 Qa5 17. f5 Bd7 18. Qf3 h4 19. Bxc4 Rxc4 20. Rd3 Qd8 21. Rhd1 Rc8 22. Qf2 Ra8 23. Na2 a5 24. Rc3 Rb8 25. Nc7+ Ke7 26. f6+ gxf6 27. Nd5+ Ke8 28. Nxf6+ Ke7 29. Rc7 1-0


[Site "https://www.chess.com"]

[Event "Titled Tuesday Blitz April 26 Early 2022"]
[White "Deac, Bogdan-Daniel"]
[Black "Urbina Perez, Juan Antonio"]
[WhiteFideId "1226380"]
[BlackFideId "2217368"]
[WhiteElo "2648"]
[BlackElo "2192"]
[Result "1-0"]
[Round "01"]
[TimeControl "180+1"]
[Date "2022.04.26"]
[WhiteClock "0:01:36"]
[BlackClock "0:02:06"]

1. d4 d5 2. Nf3 c6 3. c4 Nf6 4. Nc3 a6 5. e3 Bf5 6. Ne5 h6 7. Qb3 Ra7 8. cxd5 cxd5 9. Bd2 e6 10. Rc1 Bd6 11. Qa4+ Nbd7 12. Nb5 Bb8 13. Nxa7 Bxa7 14. Nxd7 Nxd7 15. Bb5 Bb6 16. Bxd7+ Qxd7 17. Rc8+ 1-0


[Site "https://www.chess.com"]

[Event "Titled Tuesday Blitz April 26 Early 2022"]
[White "Demin, Vladimir"]
[Black "Jaracz, Pawel"]
[WhiteFideId "4167457"]
[BlackFideId "1102222"]
[WhiteElo "2361"]
[BlackElo "2429"]
[Result "1-0"]
[Round "01"]
[TimeControl "180+1"]
[Date "2022.04.26"]
[WhiteClock "0:00:11"]
[BlackClock "0:00:14"]

1. e4 c5 2. Nf3 e6 3. c3 Nf6 4. e5 Nd5 5. d4 cxd4 6. Qxd4 Nc6 7. Qe4 d6 8. Bb5 Bd7 9. c4 Nb6 10. exd6 Bxd6 11. O-O O-O 12. Rd1 Qc7 13. Be3 f5 14. Qd3 Nb4 15. Qxd6 Qxd6 16. Rxd6 Bxb5 17. Na3 Bc6 18. Ne5 Na4 19. b3 Nc3 20. Rxe6 Rfe8 21. Rxe8+ Rxe8 22. Nxc6 Nxc6 23. Nb5 Nxb5 24. cxb5 Nb4 25. Bxa7 Re2 26. a4 Rb2 27. Bc5 Nd3 28. Bd4 Rxb3 29. g3 f4 30. Kg2 f3+ 31. Kxf3 Ne5+ 32. Ke4 Nc4 33. Kd5 Na5 34. Bb6 Rd3+ 35. Ke4 Nb3 36. Kxd3 Nxa1 37. Kc3 Kf7 38. Kb2 1-0


[Site "https://www.chess.com"]

[Event "Titled Tuesday Blitz April 26 Early 2022"]
[White "Djokic, Mihailo"]
[Black "Gatterer, Florian"]
[WhiteFideId "976440"]
[BlackFideId "811688"]
[WhiteElo "2202"]
[BlackElo "2218"]
[Result "1-0"]
[Round "01"]
[TimeControl "180+1"]
[Date "2022.04.26"]
[WhiteClock "0:00:06"]
[BlackClock "0:00:03"]

1. e4 d6 2. d4 Nf6 3. Nc3 g6 4. f4 Bg7 5. Nf3 O-O 6. e5 dxe5 7. fxe5 Nd5 8. Bc4 Nxc3 9. bxc3 c5 10. Be3 Nc6 11. O-O Bg4 12. h3 Bxf3 13. Rxf3 cxd4 14. cxd4 e6 15. c3 Rc8 16. Bd3 Qa5 17. Qb3 Ne7 18. c4 Qc7 19. Raf1 Nf5 20. Bf2 Rcd8 21. Bxf5 exf5 22. Re1 Rfe8 23. Rd1 b6 24. a4 Qd7 25. Rfd3 Qc7 26. R1d2 Rc8 27. Rc2 Red8 28. Rdc3 Qd7 29. c5 bxc5 30. Rxc5 Rb8 31. Qa2 f4 32. Rc7 Qf5 33. Rc1 a5 34. Qc2 Qe6 35. Qc4 Qf5 36. Qc2 Qe6 37. Rc5 f3 38. g4 h5 39. Qe4 Rb3 40. R5c3 Rdb8 41. Qxf3 hxg4 42. hxg4 Rb1 43. Rxb1 Rxb1+ 44. Kg2 Qa2 45. Ra3 Qc4 46. Rc3 Qa2 47. Rc8+ Kh7 48. Qh3+ Bh6 49. g5 Qd5+ 50. Qf3 Qxf3+ 51. Kxf3 Bxg5 52. Rc7 Kh6 53. Rxf7 Rb3+ 54. Ke4 Ra3 55. e6 Rxa4 56. e7 Bxe7 57. Rxe7 Ra2 58. Be3+ 1-0


[Site "https://www.chess.com"]

[Event "Titled Tuesday Blitz April 26 Early 2022"]
[White "Dobre, Claudiu-Cristian"]
[Black "Shankland, Sam"]
[WhiteFideId "1211854"]
[BlackFideId "2004887"]
[WhiteElo "2207"]
[BlackElo "2618"]
[Result "1/2-1/2"]
[Round "01"]
[TimeControl "180+1"]
[Date "2022.04.26"]
[WhiteClock "0:00:34"]
[BlackClock "0:00:42"]

1. c4 c6 2. d4 d5 3. cxd5 cxd5 4. Nc3 Nf6 5. Bf4 Nc6 6. e3 a6 7. Rc1 Bg4 8. Be2 Bxe2 9. Ngxe2 e6 10. h3 Be7 11. O-O O-O 12. Bg5 Nd7 13. Bxe7 Qxe7 14. Nf4 Rfc8 15. Nd3 Rc7 16. Na4 Rac8 17. Qd2 b6 18. Rc2 Qd6 19. Rfc1 g6 20. f4 Kg7 21. Ne5 Ncxe5 22. fxe5 Rxc2 23. Rxc2 Rxc2 24. Qxc2 Qb4 25. Kf2 b5 26. Nc5 Nb6 27. b3 a5 28. Nxe6+ fxe6 29. Qc7+ Kh6 30. Qxb6 Qd2+ 31. Kf3 Qd1+ 32. Kg3 Qe1+ 33. Kh2 Qxe3 34. Qxe6 Qf4+ 35. Kh1 Qf1+ 36. Kh2 Qf4+ 37. Kh1 Qf1+ 38. Kh2 Qf4+ 1/2-1/2


[Site "https://www.chess.com"]

[Event "Titled Tuesday Blitz April 26 Early 2022"]
[White "Donchenko, Alexander"]
[Black "Odegov, Artem"]
[WhiteFideId "24603295"]
[BlackFideId "34183644"]
[WhiteElo "2539"]
[BlackElo "2286"]
[Result "1-0"]
[Round "01"]
[TimeControl "180+1"]
[Date "2022.04.26"]
[WhiteClock "0:01:34"]
[BlackClock "0:00:01"]

1. d4 Nf6 2. Nf3 c5 3. d5 e6 4. c4 exd5 5. cxd5 g6 6. Nc3 Bg7 7. Bf4 d6 8. h3 O-O 9. e3 Bf5 10. Nd2 a6 11. a4 Qe7 12. Be2 Nbd7 13. g4 Be4 14. f3 Bxd5 15. g5 Bc6 16. gxf6 Nxf6 17. Nc4 Nh5 18. Bxd6 Qh4+ 19. Kd2 Rfd8 20. Kc2 Bf8 21. Qd2 b5 22. axb5 axb5 23. Rxa8 Rxa8 24. Bxf8 Rxf8 25. Ne5 Bb7 26. Bxb5 Rd8 27. Qe1 Qb4 28. Nc6 Bxc6 29. Bxc6 Rb8 30. Qa1 Qb3+ 31. Kc1 Ng3 32. Rd1 Rc8 33. Bd5 Qb4 34. Qa7 Nf5 35. Qxf7+ Kh8 36. Qf6+ Ng7 37. Be6 Re8 38. Rd8 Qa4 1-0


[Site "https://www.chess.com"]

[Event "Titled Tuesday Blitz April 26 Early 2022"]
[White "Dudzinski, Pawel"]
[Black "Piesik, Piotr"]
[WhiteFideId "1117890"]
[BlackFideId "1136194"]
[WhiteElo "2033"]
[BlackElo "2190"]
[Result "1-0"]
[Round "01"]
[TimeControl "180+1"]
[Date "2022.04.26"]
[WhiteClock "0:00:05"]
[BlackClock "0:00:03"]

1. e4 g6 2. Nc3 Bg7 3. g3 c5 4. Bg2 Nc6 5. d3 e6 6. Be3 d6 7. Qd2 Nge7 8. Bh6 O-O 9. h4 Bxh6 10. Qxh6 f6 11. Qd2 Nd4 12. h5 g5 13. f4 h6 14. Nd1 d5 15. c3 Ndc6 16. exd5 exd5 17. Nf2 Nf5 18. Ne2 Re8 19. O-O-O Rxe2 20. Qxe2 Nxg3 21. Qf3 Nxh1 22. Qxd5+ Qxd5 23. Bxd5+ Kg7 24. Rxh1 Ne7 25. Bf3 Be6 26. Re1 Kf7 27. Bxb7 Rb8 28. Be4 f5 29. fxg5 fxe4 30. Nxe4 Bxa2 31. gxh6 Rh8 32. Rf1+ Ke8 33. h7 Bd5 34. Ng5 c4 35. dxc4 Bxc4 36. Rf4 Bd3 37. Ra4 Nc6 38. Rf4 Ne5 39. Rf6 Kd7 40. Rh6 Bf5 41. Rf6 Bd3 42. Rh6 Ng4 43. Rg6 Ne5 44. Rg7+ Kd6 45. Rxa7 Nd7 46. Nf7+ 1-0


[Site "https://www.chess.com"]

[Event "Titled Tuesday Blitz April 26 Early 2022"]
[White "Dwilewicz, Katarzyna"]
[Black "Hua, Lefong"]
[WhiteFideId "1148486"]
[BlackFideId "2602253"]
[WhiteElo "1907"]
[BlackElo "2606"]
[Result "0-1"]
[Round "01"]
[TimeControl "180+1"]
[Date "2022.04.26"]
[WhiteClock "0:00:01"]
[BlackClock "0:00:21"]

1. e4 c5 2. Nf3 g6 3. c4 Bg7 4. d4 cxd4 5. Nxd4 Nc6 6. Be3 Nf6 7. Nc3 Ng4 8. Qxg4 Nxd4 9. Qd1 e5 10. Bd3 O-O 11. O-O d6 12. Rc1 Be6 13. b3 a6 14. Ne2 b5 15. c5 dxc5 16. Rxc5 Qd6 17. Rc1 Rfd8 18. Nxd4 exd4 19. Bd2 Rac8 20. f4 Qa3 21. Rxc8 Rxc8 22. Qb1 Qd6 23. Rc1 Rd8 24. Rc2 f5 25. e5 Qd7 26. Qc1 g5 27. Rc7 Qd5 28. g3 gxf4 29. gxf4 Qf3 30. Qf1 Qg4+ 31. Qg2 Qd1+ 32. Bf1 Bf7 33. e6 Bg6 34. Ba5 Re8 35. e7 Qg4 36. Qxg4 fxg4 37. Kf2 Bf6 38. Bb4 Kf7 39. Bc5 d3 40. Ke1 Bxe7 41. Kd2 Ke6 42. Bxe7 Rxe7 43. Rc6+ Kf5 44. Bxd3+ Kxf4 45. Bxg6 hxg6 46. Rxg6 Rh7 47. Rxa6 Rxh2+ 48. Kd3 g3 49. Rf6+ Kg4 50. Rf8 Rxa2 51. Kd4 g2 52. Rg8+ Kf3 53. Kc5 Ra1 54. Kxb5 g1=Q 55. Rxg1 Rxg1 56. b4 Ke4 57. Kc6 Ke5 58. b5 Ke6 59. b6 Rc1+ 60. Kb5 Kd7 61. Ka6 Kc8 62. Ka7 Ra1# 0-1


[Site "https://www.chess.com"]

[Event "Titled Tuesday Blitz April 26 Early 2022"]
[White "Elgersma, Onno"]
[Black "Svane, Rasmus"]
[WhiteFideId "1053531"]
[BlackFideId "4657101"]
[WhiteElo "2304"]
[BlackElo "2645"]
[Result "0-1"]
[Round "01"]
[TimeControl "180+1"]
[Date "2022.04.26"]
[WhiteClock "0:00:06"]
[BlackClock "0:00:43"]

1. e4 c6 2. d4 d5 3. exd5 cxd5 4. c4 Nf6 5. Nc3 Nc6 6. h3 g6 7. Nf3 Bg7 8. cxd5 Nxd5 9. Bc4 Nb6 10. Bb3 Nxd4 11. Be3 e5 12. O-O O-O 13. Ne4 Nxb3 14. axb3 Be6 15. Bc5 Qxd1 16. Rfxd1 Rfc8 17. b4 Nd5 18. Nd6 Rc7 19. Nb5 Rd7 20. Rxa7 Rxa7 21. Bxa7 Nxb4 22. Rc1 Nc6 23. Bc5 h6 24. Nc3 f5 25. Ra1 e4 26. Ne1 Ne5 27. Nc2 Nd3 28. Be3 Nxb2 29. Ra8+ Kf7 30. Nb5 Nc4 31. Bc5 Be5 32. Kf1 Rd1+ 33. Ke2 Rd2+ 34. Ke1 Rxc2 0-1


[Site "https://www.chess.com"]

[Event "Titled Tuesday Blitz April 26 Early 2022"]
[White "Esipenko, Andrey"]
[Black "Ronka, Erik"]
[WhiteFideId "24175439"]
[BlackFideId "505080"]
[WhiteElo "2617"]
[BlackElo "2264"]
[Result "1-0"]
[Round "01"]
[TimeControl "180+1"]
[Date "2022.04.26"]
[WhiteClock "0:00:27"]
[BlackClock "0:00:02"]

1. d4 d5 2. c4 c6 3. Nf3 Nf6 4. Nc3 e6 5. e3 Nbd7 6. Qc2 Bd6 7. b3 O-O 8. Bd3 b6 9. O-O Bb7 10. Bb2 Qe7 11. Rad1 Rad8 12. Rfe1 Rfe8 13. e4 dxe4 14. Nxe4 Nxe4 15. Bxe4 Nf6 16. Bd3 Ba3 17. Ba1 Bb4 18. Re2 Qc7 19. Bb2 Be7 20. c5 h6 21. b4 Nd5 22. a3 Nf4 23. Bh7+ Kf8 24. Ree1 Bf6 25. g3 Nd5 26. h4 a5 27. Qc4 axb4 28. axb4 Ra8 29. Be4 Ba6 30. Qb3 Bb5 31. Ra1 Qb7 32. Nh2 Rxa1 33. Rxa1 Ra8 34. Ng4 Rxa1+ 35. Bxa1 Qa6 36. Bb2 Bc4 37. Qd1 Be7 38. Ne5 Qa2 39. Qh5 g6 40. Qxh6+ Ke8 41. Qg7 Qxb2 42. Qg8+ Bf8 43. Qxf7+ 1-0


[Site "https://www.chess.com"]

[Event "Titled Tuesday Blitz April 26 Early 2022"]
[White "Eynullayev, Atilla"]
[Black "Moskalenko, Alexander"]
[WhiteFideId "13413570"]
[BlackFideId "4155351"]
[WhiteElo "1936"]
[BlackElo "2434"]
[Result "1/2-1/2"]
[Round "01"]
[TimeControl "180+1"]
[Date "2022.04.26"]
[WhiteClock "0:00:08"]
[BlackClock "0:00:10"]

1. e4 e5 2. Nf3 Nc6 3. Bb5 a6 4. Ba4 Nf6 5. O-O Be7 6. Re1 b5 7. Bb3 O-O 8. a4 Rb8 9. axb5 axb5 10. c3 d6 11. d4 exd4 12. cxd4 Bg4 13. Be3 Nb4 14. Nc3 c5 15. e5 dxe5 16. dxe5 Nd7 17. h3 Bxf3 18. Qxf3 Nxe5 19. Qg3 Ned3 20. Re2 c4 21. Bd1 Bd6 22. Qf3 Qd7 23. b3 Rfe8 24. bxc4 Ne5 25. Qh5 Nxc4 26. Ra7 Rb7 27. Rxb7 Qxb7 28. Qxb5 Qxb5 29. Nxb5 Bf8 30. Bf4 Rd8 31. Bb3 Na5 32. Bc7 Ra8 33. Bxa5 Rxa5 34. Nd4 g6 35. g3 Ra3 36. Bc4 Bc5 37. Rd2 Ra4 38. Nb3 Be7 39. Rd7 Kf8 40. Rc7 Nc2 41. Rc8+ Kg7 42. Rc7 Kf8 43. Rc8+ Kg7 44. Rc7 Kf6 45. Rc6+ Kg7 46. Rc7 1/2-1/2


[Site "https://www.chess.com"]

[Event "Titled Tuesday Blitz April 26 Early 2022"]
[White "Ezat, Mohamed"]
[Black "Bashirli, Saadat"]
[WhiteFideId "10600906"]
[BlackFideId "13429990"]
[WhiteElo "2386"]
[BlackElo "1173"]
[Result "1-0"]
[Round "01"]
[TimeControl "180+1"]
[Date "2022.04.26"]
[WhiteClock "0:01:47"]
[BlackClock "0:02:01"]

1. d4 d5 2. c4 e6 3. Nc3 c6 4. e4 dxe4 5. Nxe4 Nf6 6. Nxf6+ Qxf6 7. Nf3 Bb4+ 8. Bd2 Bxd2+ 9. Qxd2 O-O 10. Bd3 Nd7 11. O-O-O e5 12. Ng5 h6 13. Nh7 Qf4 14. Qxf4 exf4 15. Nxf8 Kxf8 16. Rhe1 Nf6 17. f3 Be6 18. b3 Rd8 19. Bc2 g5 20. Kb2 g4 21. Kc3 h5 22. Re5 Kg7 23. Bf5 Nd7 24. Ra5 b6 25. Bxe6 bxa5 26. Bxd7 Rxd7 27. d5 cxd5 28. Rxd5 Rxd5 29. cxd5 Kf6 30. Kd4 Ke7 31. Ke5 h4 32. h3 gxf3 33. gxf3 f6+ 34. Kxf4 Kd6 35. Kf5 Kxd5 36. Kxf6 Kd4 37. Kg5 Kc3 38. f4 Kb2 39. f5 Kxa2 40. f6 Kxb3 41. f7 a4 42. f8=Q a3 43. Qf6 a2 44. Qa1 a5 45. Kxh4 a4 46. Kg4 a3 47. h4 Ka4 48. Qxa2 Kb4 49. Kf4 Ka4 50. Ke5 Kb4 51. Kd4 Ka4 52. Kc5 Ka5 53. Qxa3# 1-0


[Site "https://www.chess.com"]

[Event "Titled Tuesday Blitz April 26 Early 2022"]
[White "Fajdetic, Hrvoje"]
[Black "Ambartsumova, Karina"]
[WhiteFideId "14501945"]
[BlackFideId "4166299"]
[WhiteElo "2172"]
[BlackElo "2262"]
[Result "0-1"]
[Round "01"]
[TimeControl "180+1"]
[Date "2022.04.26"]
[WhiteClock "0:00:04"]
[BlackClock "0:00:16"]

1. d4 Nf6 2. Bf4 d5 3. e3 e6 4. Nf3 Bd6 5. Bg3 O-O 6. Bd3 c5 7. c3 Qc7 8. Ne5 b6 9. Qe2 a5 10. a4 Ba6 11. Bxa6 Nxa6 12. Na3 Ne4 13. Nb5 Qe7 14. Nxd6 Nxd6 15. f3 f6 16. Nd3 Nf5 17. Bf2 Rfe8 18. g4 Nd6 19. Bg3 Nf7 20. Nf4 Nc7 21. dxc5 bxc5 22. Rd1 Red8 23. Nh5 e5 24. Bh4 Ne6 25. Qc2 d4 26. exd4 cxd4 27. O-O Rac8 28. Qf5 Nd6 29. Qc2 Nc4 30. Rfe1 Ne3 31. Rxe3 dxe3 32. Rxd8+ Rxd8 33. Qe4 Rd1+ 34. Kg2 Rd2+ 35. Kg3 Nf4 36. Nxf4 exf4+ 37. Qxf4 Qd6 38. Qxd6 Rxd6 39. f4 Rd2 40. Kf3 Rxb2 41. Kxe3 Ra2 42. Bg3 Rxa4 43. f5 Kf7 44. Kd3 Ke8 45. h3 Kd7 46. Bf2 Ra2 47. Bd4 Kc6 48. h4 h6 49. g5 hxg5 50. hxg5 fxg5 51. Bxg7 g4 52. f6 Rf2 53. Ke3 Rf3+ 54. Ke4 a4 55. c4 a3 0-1


[Site "https://www.chess.com"]

[Event "Titled Tuesday Blitz April 26 Early 2022"]
[White "Fernandez Siles, Luis"]
[Black "Taichman, Ori"]
[WhiteFideId "2209420"]
[BlackFideId "2804069"]
[WhiteElo "2212"]
[BlackElo "2227"]
[Result "1/2-1/2"]
[Round "01"]
[TimeControl "180+1"]
[Date "2022.04.26"]
[WhiteClock "0:00:21"]
[BlackClock "0:00:14"]

1. d4 Nf6 2. c4 g6 3. Nc3 Bg7 4. e4 O-O 5. Nf3 d6 6. Be2 e5 7. O-O Nc6 8. d5 Ne7 9. b4 Ne8 10. Ba3 f5 11. c5 Nf6 12. Ng5 h6 13. cxd6 cxd6 14. Ne6 Bxe6 15. dxe6 fxe4 16. b5 Rc8 17. Rc1 d5 18. Bxe7 Qxe7 19. Nxd5 Nxd5 20. Qxd5 Rfd8 21. Qxe4 Kh7 22. Rxc8 Rxc8 23. Bd3 Qxe6 24. Qxb7 Rd8 25. Bb1 Rd7 26. Qc6 Rd6 27. Qc2 Qd5 28. a4 Bf8 29. h4 h5 30. Qe2 Kg7 31. Rc1 Be7 32. g3 Qd4 33. Kg2 Rf6 34. a5 Bc5 35. Rc2 e4 36. Ba2 e3 37. Qxe3 Rxf2+ 38. Qxf2 Qe4+ 39. Kh2 Bxf2 40. Rxf2 Qb4 41. b6 axb6 42. axb6 Qxb6 43. Rg2 Qd6 44. Bc4 Kf6 45. Rf2+ Kg7 46. Bf1 Qd4 47. Rf4 Qd2+ 48. Bg2 Kh6 49. Kh3 Qd7+ 50. Kh2 Qd6 51. Bf3 g5 52. hxg5+ Kxg5 53. Kh3 Qa6 54. Rh4 Qe6+ 55. Kh2 Qa2+ 56. Bg2 Qf2 57. Rh3 Qe2 58. Rh4 Kf5 59. Rf4+ Kg5 60. Rh4 Kg6 61. Rf4 Kg5 62. Rh4 1/2-1/2


[Site "https://www.chess.com"]

[Event "Titled Tuesday Blitz April 26 Early 2022"]
[White "Ferreira, Vitor Hugo Vieira"]
[Black "Alekseenko, Kirill"]
[WhiteFideId "2119765"]
[BlackFideId "4135539"]
[WhiteElo "2165"]
[BlackElo "2682"]
[Result "0-1"]
[Round "01"]
[TimeControl "180+1"]
[Date "2022.04.26"]
[WhiteClock "0:01:15"]
[BlackClock "0:00:57"]

1. d4 d5 2. c4 dxc4 3. e3 e5 4. Bxc4 Nc6 5. Nf3 e4 6. Nfd2 Qg5 7. g3 Nf6 8. Nc3 Qg6 9. a3 Bd6 10. Qc2 Bf5 11. Nb3 O-O 12. Bd2 a6 13. Nd5 Ng4 14. Nf4 Bxf4 15. gxf4 Nxh2 16. O-O-O Nf3 17. Bc3 b5 18. Bd5 Rad8 19. Bxc6 Qxc6 20. Rdg1 Nxg1 21. Rxg1 Qd5 22. Nd2 Rfe8 23. Nf1 Re6 24. Ng3 Rg6 25. Qd1 Bg4 26. Qc2 Bf3 27. Bb4 Rc6 28. Bc3 f5 29. Nf1 a5 30. b4 axb4 31. axb4 Ra8 32. Nd2 Ra2 0-1


[Site "https://www.chess.com"]

[Event "Titled Tuesday Blitz April 26 Early 2022"]
[White "Gokerkan, Cem Kaan"]
[Black "Begunov, Konstantin"]
[WhiteFideId "6336760"]
[BlackFideId "4118510"]
[WhiteElo "2382"]
[BlackElo "2262"]
[Result "1-0"]
[Round "01"]
[TimeControl "180+1"]
[Date "2022.04.26"]
[WhiteClock "0:00:34"]
[BlackClock "0:00:31"]

1. e4 c5 2. Nf3 d6 3. d4 cxd4 4. Nxd4 Nf6 5. Nc3 a6 6. Bg5 e6 7. f4 Qb6 8. Qd2 Nc6 9. Bxf6 gxf6 10. Nb3 Be7 11. O-O-O Qc7 12. Be2 h5 13. Kb1 b5 14. Rhf1 Bb7 15. Rf3 O-O-O 16. Rh3 b4 17. Na4 d5 18. exd5 Rxd5 19. Qe3 Rxd1+ 20. Bxd1 h4 21. c3 f5 22. Bf3 Bd6 23. g3 Kb8 24. Nac5 bxc3 25. Qxc3 Rc8 26. Rxh4 Ka7 27. Rh7 Bxc5 28. Nxc5 Nd8 29. Nxb7 Nxb7 30. Qxc7 Rxc7 31. Bh5 f6 32. Rxc7 1-0


[Site "https://www.chess.com"]

[Event "Titled Tuesday Blitz April 26 Early 2022"]
[White "Goltsev, Dmitry"]
[Black "Mika, Tomasz"]
[WhiteFideId "24176710"]
[BlackFideId "1132970"]
[WhiteElo "2273"]
[BlackElo "2116"]
[Result "1-0"]
[Round "01"]
[TimeControl "180+1"]
[Date "2022.04.26"]
[WhiteClock "0:00:11"]
[BlackClock "0:00:07"]

1. g3 d5 2. Bg2 Nf6 3. e3 c5 4. Ne2 Nc6 5. O-O g6 6. b3 Bg7 7. Bb2 O-O 8. Nbc3 e5 9. d4 cxd4 10. exd4 e4 11. Nf4 Bg4 12. f3 exf3 13. Bxf3 Bxf3 14. Rxf3 Re8 15. Qd2 Ne4 16. Nxe4 dxe4 17. Rff1 Bxd4+ 18. Bxd4 Qxd4+ 19. Qxd4 Nxd4 20. c3 Nf3+ 21. Kf2 Rad8 22. Rfd1 Ne5 23. Nd5 Nd3+ 24. Rxd3 exd3 25. Nf6+ Kg7 26. Nxe8+ Rxe8 27. Re1 Rd8 28. Rd1 Rd6 29. Ke3 Ra6 30. Rd2 Kf6 31. Kxd3 Ke5 32. Ke3 f5 33. c4 g5 34. Rd5+ Kf6 35. a4 Rb6 36. Rb5 Rxb5 37. axb5 b6 38. Kd4 Ke6 39. b4 h5 40. c5 h4 41. c6 h3 42. Kd3 Kd6 43. Ke3 a6 44. bxa6 Kxc6 45. b5+ Kd6 46. a7 1-0


[Site "https://www.chess.com"]

[Event "Titled Tuesday Blitz April 26 Early 2022"]
[White "Gschnitzer, Adrian"]
[Black "Srihari L R"]
[WhiteFideId "1270337"]
[BlackFideId "46617116"]
[WhiteElo "2294"]
[BlackElo "2121"]
[Result "1-0"]
[Round "01"]
[TimeControl "180+1"]
[Date "2022.04.26"]
[WhiteClock "0:01:27"]
[BlackClock "0:00:53"]

1. e4 e6 2. d4 d5 3. Nd2 Nf6 4. e5 Nfd7 5. Bd3 c5 6. c3 Nc6 7. Ne2 cxd4 8. cxd4 f6 9. exf6 Nxf6 10. O-O Bd6 11. Nf3 O-O 12. Bf4 Qc7 13. Bxd6 Qxd6 14. Rc1 Bd7 15. Bb1 Be8 16. Ng3 Rc8 17. Re1 Bf7 18. Ne5 Ne7 19. Qd3 Qb4 20. Nxf7 Kxf7 21. Qe2 Qb6 22. Rxc8 Rxc8 23. Nh5 Neg8 24. Nf4 Re8 25. Nh3 h6 26. Nf4 Ne7 27. Nxe6 1-0


[Site "https://www.chess.com"]